 Dungeon Crawl Stone Soup version 0.25-a0-35-g747a2b3c0c (webtiles) character file.

Game seed: 4495454275537523627, levelgen mode: deterministic

1136 Arixos the Slasher (level 8, 0/43 HPs)
             Began as a Vine Stalker Chaos Knight on Oct 18, 2019.
             Was a Plaything of Xom.
             Succumbed to a spiny frog's poison
             ... on level 5 of the Dungeon.
             The game lasted 00:20:12 (3586 turns).

Arixos the Slasher (Vine Stalker Chaos Knight)      Turns: 3586, Time: 00:20:13

Health: 0/43       AC: 10    Str: 16    XL:     8   Next: 36%
Magic:  9/9        EV: 13    Int: 12    God:    Xom [...*..]
Gold:   321        SH:  3    Dex: 15    Spells: 7/7 levels left

rFire    . . .     SeeInvis .   a - +1 falchion (chaos)
rCold    + . .     Gourm    .   (no shield)
rNeg     . . .     Faith    .   d - +2 ring mail {rC+}
rPois    .         Spirit   +   j - +0 helmet "Siappump" {MR+ rCorr}
rElec    .         Reflect  +   (no cloak)
rCorr    +         Harm     .   (no gloves)
MR       ++...     Clarity  +   e - +1 pair of boots
Stlth    ..........             t - +3 amulet of reflection
HPRegen  0.54/turn              f - ring of attention (curse)
MPRegen  0.11/turn              h - +1 ring of evasion

@: lethally poisoned (0 -> -6), heavily drained
A: fangs 3, clarity, regeneration 1, magic shield, antimagic bite, no potion
heal 3, rot immunity
a: Renounce Religion


You were on level 5 of the Dungeon.
You worshipped Xom.
You were a favourite toy of Xom.
You were not hungry.

You visited 1 branch of the dungeon, and saw 5 of its levels.

You collected 321 gold pieces.

Inventory:

Hand Weapons
 a - a +1 falchion of chaos (weapon)
Missiles
 u - 17 poisoned darts (quivered)
Armour
 d - a +2 ring mail of cold resistance (worn)
 e - a +1 pair of boots (worn)
 j - the +0 helmet "Siappump" (worn) {MR+ rCorr}
   (You took it off Robin on level 3 of the Dungeon)

   It affects your resistance to hostile enchantments.
   It provides partial protection from all sources of acid and corrosion.
 w - a +0 cloak
Jewellery
 f - a cursed ring of attention (left hand)
 h - a +1 ring of evasion (right hand)
 t - a +3 amulet of reflection (around neck)
Wands
 b - a wand of flame (19)
 s - a wand of acid (12)
Scrolls
 k - 9 scrolls of identify
 l - a scroll of amnesia
 m - 2 scrolls of enchant armour
Potions
 g - 4 potions of agility
 n - 2 potions of heal wounds
 o - a potion of lignification {unknown}
 p - a potion of resistance
 r - a potion of cancellation {unknown}
 v - a potion of flight {unknown}
Comestibles
 c - 17 rations
 i - 4 chunks of flesh


   Skills:
 + Level 5.1(3.7) Fighting
 + Level 5.1(3.7) Long Blades
 + Level 4.2(2.8) Armour
 + Level 4.0(2.6) Dodging


You had 7 spell levels left.
You didn't know any spells.
Your spell library was empty.

Dungeon Overview and Level Annotations

Branches:
Dungeon (5/15)
 Temple: D:4-7

Altars:
Gozag
Makhleb
Nemelex Xobeh
Okawaru

Shops:
D:3 *


Innate Abilities, Weirdness & Mutations

You have razor-sharp teeth.
Your natural rate of healing is unusually fast.
When hurt, damage is shared between your health and your magic reserves.
Your bite disrupts and absorbs the magic of your enemies.
Potions cannot restore your health.
You are immune to rotting.
You possess an exceptional clarity of mind.


Message History

The spiny frog is lightly wounded.
You feel sick.
The orc misses you. x2; Something hits you but does no damage.
You feel drained. The spiny frog stings you!
* * * LOW HITPOINT WARNING * * *
It was a potion of heal wounds.
That seemed strangely inert.
Xom thinks this is hilarious!
* * * LOW HITPOINT WARNING * * *
You feel sick. You block the orc's attack.
Something hits you but does no damage.
You feel drained. The orc hits you with a +0 war axe.
* * * LOW HITPOINT WARNING * * *
Xom roars with laughter!
The spiny frog barely misses you.
You riposte.
You hit the spiny frog but do no damage.
You bite the spiny frog! You drain its power.
You feel invigorated.
The spiny frog is moderately wounded.
It was a potion of mutation.
You feel extremely strange.
You feel robust.
You feel agile.
You feel clumsy.
Your thoughts seem clearer.
You die...
Xom laughs nastily!

..............#.###.#######)#
..............#'#........##.#
.......................#....#
###+#..............###.######
.... ........#.....# #.# ....
.. ..........# #.# ....o
#.......# #.# .....
..###.....# #.# ###..
.......@o.# #.# .......#
###...F)o.# #.# .......#
#.......# #.# .......#
#.......# .......# ###.....#
.......#+## ......#
..........# #......#
..........###.......
............


You could see a spiny frog shaped shifter and 2 orcs.

Vanquished Creatures
  Grinder (D:3)
  Menkaure (D:5)
  Duvessa (D:5)
  An ogre (D:5)
  Dowan (D:5)
  A scorpion (D:3)
  A crimson imp (D:5)
  A jelly (D:5)
  An orc priest (D:3)
  A worker ant (D:5)
  An orc wizard (D:5)
  Robin (D:3)
  A worker ant zombie (D:5)
  9 gnolls
  7 adders
  3 oozes
  2 adder skeletons
  2 worms
  A dart slug (D:4)
  6 leopard geckos
  21 orcs
  4 bats
  5 giant cockroaches
  14 goblins
  8 hobgoblins
  7 jackals
  3 quokkas
  3 ball pythons
  2 frilled lizards
  4 kobolds
  14 rats
128 creatures vanquished.

Vanquished Creatures (collateral kills)
  An orc priest (D:5)
  An iguana (D:5)
  A worker ant (D:5)
  A leopard gecko (D:5)
  An orc (D:5)
  2 ball pythons (D:5)
  A plant (D:5)
8 creatures vanquished.

Vanquished Creatures (others)
  A bullfrog skeleton (D:5)
1 creature vanquished.

Grand Total: 137 creatures vanquished

Notes
Turn   | Place    | Note
-------+----------+-------------------------------------------
     0 | D:1      | Arixos the Vine Stalker Chaos Knight began the quest for
                  | the Orb.
     0 | D:1      | Reached XP level 1. HP: 11/11 MP: 2/2
    68 | D:1      | XOM: silly message
   183 | D:1      | XOM: silly message
   185 | D:1      | Reached skill level 1 in Dodging
   186 | D:1      | Reached XP level 2. HP: 12/16 MP: 3/3
   231 | D:1      | XOM: silly message
   319 | D:1      | XOM: divination: magic mapping
   394 | D:1      | XOM: medium Conj miscast
   424 | D:1      | XOM: mild Hex miscast
   449 | D:1      | XOM: 4-stop teleportation journey
   640 | D:1      | Reached XP level 3. HP: 20/20 MP: 4/4
   920 | D:2      | Found an iron altar of Okawaru.
  1045 | D:2      | HP: 1/20 [poisoned by an adder]
  1063 | D:2      | Gained mutation: Your natural rate of healing is unusually
                  | fast. [Vine Stalker growth]
  1063 | D:2      | Reached XP level 4. HP: 2/24 MP: 2/5
  1292 | D:2      | Found a burning altar of Makhleb.
  1628 | D:3      | Reached XP level 5. HP: 28/28 MP: 6/6
  1645 | D:3      | Found a sparkling altar of Nemelex Xobeh.
  1684 | D:3      | Noticed Grinder
  1750 | D:3      | Paralysed by Grinder for 7 turns
  1781 | D:3      | XOM: harmless Pois miscast
  1793 | D:3      | Killed Grinder
  1793 | D:3      | Reached XP level 6. HP: 28/33 MP: 3/7
  1833 | D:3      | Identified the +0 helmet "Siappump" {MR+ rCorr}
  1833 | D:3      | Noticed Robin
  1834 | D:3      | Found Gozag's Platinum Reserve.
  1868 | D:3      | Found an opulent altar of Gozag.
  1973 | D:3      | Killed Robin
  1989 | D:3      | XOM: god gift: 25 gold pieces
  2021 | D:3      | XOM: cloud trail
  2201 | D:3      | Noticed Ijyb
  2213 | D:3      | XOM: cleaving
  2215 | D:3      | XOM: butterfly on damage
  2221 | D:3      | Reached XP level 7. HP: 9/37 MP: 4/8
  2232 | D:3      | XOM: give mutation
  2232 | D:3      | Gained mutation: You are frail. (-10% HP) [Xom's mischief]
  2252 | D:3      | Noticed Ijyb
  2252 | D:3      | Ijyb changed into Ijyb the scorpion
  2252 | D:3      | XOM: polymorph Ijyb -> Ijyb the scorpion
  2253 | D:3      | Killed Ijyb the scorpion
  2307 | D:4      | XOM: polymorph orc -> dart slug
  2733 | D:4      | XOM: divination: detect creatures
  2806 | D:4      | XOM: cloud trail
  2951 | D:5      | Entered Level 5 of the Dungeon
  2979 | D:5      | XOM: summons 2 friendly demons
  3088 | D:5      | XOM: divination: detect items
  3298 | D:5      | XOM: god gift: glowing golden potion {god gift}
  3300 | D:5      | Gained mutation: You have razor-sharp teeth. [Vine Stalker
                  | growth]
  3300 | D:5      | Reached XP level 8. HP: 36/37 MP: 7/9
  3341 | D:5      | Noticed Menkaure
  3351 | D:5      | XOM: noise
  3353 | D:5      | Killed Menkaure
  3353 | D:5      | Reached skill level 5 in Long Blades
  3508 | D:5      | Noticed Duvessa
  3508 | D:5      | Noticed Dowan
  3512 | D:5      | Killed Duvessa
  3512 | D:5      | Reached skill level 5 in Fighting
  3522 | D:5      | Killed Dowan
  3577 | D:5      | Noticed a shapeshifter
  3577 | D:5      | an orc changed into a shapeshifter
  3577 | D:5      | Noticed a spiny frog
  3577 | D:5      | a shapeshifter changed into a spiny frog
  3585 | D:5      | HP: 1/38 [orc/+0 war axe (4)]
  3586 | D:5      | Lost mutation: You are frail. (-10% HP) [potion of
                  | mutation]
  3586 | D:5      | Gained mutation: You are agile. (Dex +2) [potion of
                  | mutation]
  3586 | D:5      | Lost mutation: You are agile. (Dex +2) [potion of mutation]
  3586 | D:5      | Gained mutation: You possess an exceptional clarity of
                  | mind. [potion of mutation]
  3586 | D:5      | Succumbed to a spiny frog's poison

Levels and vault maps discovered:
D:1:      wander_arrival_lonely_grave, layout_basic
D:2:      layout_rooms, okawaru_gym_becter, nicolae_overflow_crystal_walls
D:3:      layout_basic, nemelex_xobeh_ov_fountains_minmay, columned_hall_lemuel,
          nicolae_gozag_zags_fifth_avenue, uniq_ijyb, uniq_grinder, uniq_robin
D:4:      layout_basic
D:5:      layout_basic, first_ration, lightli_ossuary_entry_decrepit_ruins,
          saegor_snake_ambush, uniq_duvessa, uniq_menkaure

Skill      XL: |  1  2  3  4  5  6  7  8 |
---------------+-------------------------+-----
Dodging        | 1 2 3 4 |  4.0
Fighting       | 3 4 5 |  5.1
Long Blades    | 3 4 5 |  5.1
Armour         | 2 3 4 |  4.2

Action                   |  1- 3 |  4- 6 |  7- 9 || total
-------------------------+-------+-------+-------++-------
Melee: Falchion          |    85 |   131 |   141 ||   357
       Bite              |    19 |    35 |    40 ||    94
  Use: Potion            |     3 |       |     3 ||     6
       Scroll            |       |     4 |     3 ||     7
 Stab: Petrifying        |       |     2 |       ||     2
       Confused          |       |     1 |     3 ||     4
  Eat: Chunk             |       |     5 |     4 ||     9
Armor: Leather armour    |    41 |    31 |       ||    72
       Ring mail         |       |    30 |    55 ||    85
Dodge: Dodged            |    68 |   105 |    91 ||   264
Block: Other             |       |       |     2 ||     2
       Rpst.: Falchion   |    19 |    33 |    27 ||    79

Table legend:
 A = Non-vault XP
 B = Vault XP
 C = Vault XP percentage of total XP
 D = Non-vault monster count
 E = Vault monster count
 F = Vault count percentage of total count
                 A         B        C        D         E       F
            +---------+---------+-------+---------+---------+-------
      Total |     851 |     772 |  47.6 |     117 |      19 |  14.0
            +---------+---------+-------+---------+---------+-------
        D:1 |      41 |       0 |   0.0 |      28 |       0 |   0.0
        D:2 |     105 |       0 |   0.0 |      19 |       0 |   0.0
        D:3 |     151 |     395 |  72.3 |      30 |      13 |  30.2
        D:4 |      30 |       0 |   0.0 |      10 |       0 |   0.0
        D:5 |     524 |     377 |  41.8 |      30 |       6 |  16.7
            +---------+---------+-------+---------+---------+-------
